 Dungeon Crawl Stone Soup version 0.31-a0-435-g2c6fae2916 (webtiles) character file.

Game seed: 4349305518034405674

21 arthad the Covered (level 2, -6/19 HPs)
             Began as a Gargoyle Fighter on Aug 1, 2023.
             Mangled by an iguana (10 damage)
             ... on level 2 of the Dungeon.
             The game lasted 00:01:05 (1228 turns).

arthad the Covered (Gargoyle Fighter)               Turns: 1228, Time: 00:01:06

Health: -6/19      AC:  9    Str: 19    XL:     2   Next: 83%
Magic:  2/2        EV:  9    Int:  8    God:
Gold:   107        SH:  4    Dex:  9    Spells: 1/1 levels left

rFire   . . .        a - +0 flail
rCold   . . .        c - +0 buckler
rNeg    + . .        b - +0 scale mail
rPois   ∞            (no helmet)
rElec   +            (no cloak)
rCorr   .            (no gloves)
SInv    .            (no boots)
Will    .....        (no amulet) Stlth
                     (no ring)
HPRegen 0.23/turn    (no ring)
MPRegen 0.08/turn

%: no passive effects
@: no status effects
A: sickness immunity, AC +2, negative energy resistance 1, electricity
resistance, torment resistance 1, petrification resistance
a: no special abilities


You were on level 2 of the Dungeon.
You visited 1 branch of the dungeon, and saw 2 of its levels.

You collected 107 gold pieces.

Inventory:

Hand Weapons
 a - a +0 flail (weapon)
Armour
 b - a +0 scale mail (worn)
 c - a +0 buckler (worn)
Talismans
 g - a storm talisman
Scrolls
 e - a scroll of enchant armour {unknown}
 f - a scroll of revelation {unknown}
 h - a scroll of identify {unknown}
 m - a scroll of fear {unknown}
 n - a scroll of torment {unknown}
Potions
 d - a potion of might
 i - a potion of curing {unknown}
 j - a potion of brilliance {unknown}
 k - a potion of attraction {unknown}
 l - a potion of invisibility {unknown}
 o - a potion of haste {unknown}


   Skills:
 + Level 3.6 Fighting
 + Level 2.3 Maces & Flails
 + Level 3.6 Armour
 + Level 3.6 Shields


You had one spell level left.
You didn't know any spells.
Your spell library was empty.

Dungeon Overview and Level Annotations

Branches:
Dungeon (2/15)

Altars:


Innate Abilities, Weirdness & Mutations

You are immune to sickness and miasma.
Your stone body is resilient. (AC +2)
You are immune to poison.
You resist negative energy. (rN+)
You are resistant to electric shocks. (rElec)
You are resistant to unholy torment.
You are immune to petrification.


Message History

The bat hits you but does no damage. The bat hits you.
You barely miss the bat. The bat barely misses you.
You hit the bat but do no damage. The bat hits you but does no damage.
You miss the bat. The bat hits you but does no damage. x2
You barely miss the bat. The bat hits you but does no damage. x2
You sock the bat!
You kill the bat!
No target in view!
No target in view!
No target in view!
No target in view!
An iguana, a worm, a kobold and a frilled lizard come into view.
Found a scroll labelled OSCHOU VITELI.
The iguana hisses angrily.
The frilled lizard hisses angrily.
You hear an angry hiss.
A bat comes into view.
A rat comes into view.
There are monsters nearby!
There are monsters nearby!
You block the frilled lizard's attack.
You barely miss the frilled lizard.
An adder comes into view.
The frilled lizard bites you.
You completely miss the frilled lizard. You block the frilled lizard's attack.
You closely miss the frilled lizard. The frilled lizard barely misses you.
You closely miss the frilled lizard. The frilled lizard bites you.
You closely miss the iguana. The iguana barely misses you.
You barely miss the iguana. The iguana closely misses you.
You hit the iguana but do no damage.
The iguana bites you but does no damage.
The iguana bites you.
You hit the iguana but do no damage. The iguana closely misses you.
You barely miss the iguana. The iguana bites you.
You hit the iguana.
The iguana is moderately wounded.
The iguana bites you!
* * * LOW HITPOINT WARNING * * *
The iguana bites you!
Ouch! That really hurt!
You die...

####.......#
###...###.####
......###.#
##......#
##.##..†.#
##...##†..#
#...rl##..#
.?..Sbl#..#
#@..# #...#
#...## #....#
...#### ####


You could see an iguana, an adder, a bat, a frilled lizard and a rat.

Vanquished Creatures
  A dart slug (D:1)
  2 endoplasms (D:1)
  5 goblins (D:1)
  2 hobgoblins (D:1)
  2 kobolds (D:1)
  A ball python (D:1)
  A bat (D:2)
  2 frilled lizards (D:1)
  2 rats
18 creatures vanquished.

Notes
Turn   | Place    | Note
-------+----------+-------------------------------------------
     0 | D:1      | arthad the Gargoyle Fighter began the quest for the Orb.
     0 | D:1      | Reached XP level 1. HP: 14/14 MP: 1/1
     0 | D:1      | Noticed an orb of fire
     1 | D:1      | Noticed a tentacled monstrosity
     2 | D:1      | Noticed an iron dragon
     6 | D:1      | Noticed a large abomination
    10 | D:1      | Noticed an ice dragon
    11 | D:1      | Noticed a large abomination
    15 | D:1      | Noticed a tentacled monstrosity
    17 | D:1      | Noticed a green draconian
    17 | D:1      | Noticed a shadow dragon
    19 | D:1      | Noticed a tentacled monstrosity
    19 | D:1      | Noticed a tentacled monstrosity
    19 | D:1      | Noticed a large abomination
    22 | D:1      | Noticed a large abomination
    22 | D:1      | Noticed a shadow dragon
    24 | D:1      | Noticed an ice dragon
   310 | D:1      | Reached XP level 2. HP: 19/19 MP: 2/2
  1228 | D:2      | Mangled by an iguana

Illustrated notes

Levels and vault maps discovered:
D:1:      shiori_arrival_whats_in_store_for_you, layout_loops_corners,
          chequers_big_river, serial_bayou_pond_e
D:2:      layout_loops_cross, ebering_ecumenical_altar_webs, serial_undead,
          serial_undead_e, serial_undead_f, serial_undead_e, serial_undead_b,
          serial_undead_e, serial_undead_a, serial_undead_b, serial_undead_a,
          roderic_roman_lattice, minmay_heptomino_w4, uniq_sigmund

Action                     || total
---------------------------++-------
  Melee: Flail             ||    61
 Armour: Scale mail        ||    31
  Dodge: Dodged            ||    23
  Block: Buckler           ||    12

Table legend: (Time is in decaauts)
 A = Elapsed time spent in this place.
 B = Non-inter-level travel time spent in this place.
 C = Inter-level travel time spent in this place.
 D = Time resting spent in this place.
 E = Time spent auto-exploring this place.
 F = Levels seen in this place.
 G = Mean time per level.
                   A        B        C        D        E       F      G
               +--------+--------+--------+--------+--------+-----+--------+
         Total |   1256 |   1192 |     64 |      0 |   1053 |   2 |  628.0 |
       Dungeon |   1256 |   1192 |     64 |      0 |   1053 |   2 |  628.0 |
               +--------+--------+--------+--------+--------+-----+--------+

Top non-repeatable levels by time:
     D:1: 1208 daAuts
     D:2: 47 daAuts
